 Dungeon Crawl Stone Soup version 0.27-a0-1154-gfdeffcb720 (webtiles) character file.

Game seed: 12425876980362727463

909 Bapho the Chiller (level 8, -6/57 HPs)
             Began as a Gnoll Ice Elementalist on May 14, 2021.
             Killed by divine providence
             ... invoked by an orc priest
              (12 damage)
             ... on level 5 of the Dungeon.
             The game lasted 00:14:51 (5016 turns).

Bapho the Chiller (Gnoll Ice Elementalist)          Turns: 5016, Time: 00:14:52

Health: -6/57      AC:  6    Str:  9    XL:     8   Next: 8%
Magic:  15/16      EV: 13    Int: 16    God:
Gold:   112        SH:  0    Dex: 12    Spells: 11/18 levels left

rFire    . . .     SeeInvis +   k - +0 halberd
rCold    . . .     Faith    .   (shield currently unavailable)
rNeg     . . .     Spirit   .   A - +1 leather armour {Will+}
rPois    .         Reflect  .   g - +0 helmet {SInv}
rElec    .         Harm     .   p - +0 cloak {rCorr}
rCorr    +         Rampage  .   (no gloves)
Will     +....                  (no boots)
Stlth    +++.......             l - amulet of regeneration
HPRegen  1.19/turn              (no ring)
MPRegen  0.15/turn              (no ring)

@: brilliant, freezing walls, very slightly contaminated
A: fangs 1, strong nose, distributed training
a: no special abilities


You were on level 5 of the Dungeon.
You visited 1 branch of the dungeon, and saw 5 of its levels.

You collected 166 gold pieces.
You spent 54 gold pieces at shops.

Inventory:

Hand Weapons
 d - a +0 club
 e - a +0 whip
 i - a +0 war axe
 k - a +0 halberd (weapon)
Missiles
 c - 76 stones (quivered)
Armour
 a - a +0 robe
 g - a +0 helmet of see invisible (worn)
 n - a +0 ring mail
 p - a +0 cloak of preservation (worn)
 A - a +1 leather armour of willpower (worn)
Jewellery
 l - an amulet of regeneration (around neck)
 t - a +4 ring of evasion
Wands
 o - a wand of flame (54)
Scrolls
 f - a scroll of brand weapon
 h - 2 scrolls of enchant armour {unknown}
 j - 3 scrolls of teleportation
 m - a scroll of noise
 q - a scroll of amnesia {unknown}
 r - a scroll of acquirement {unknown}
 s - a scroll of magic mapping {unknown}
 w - a scroll of fog
 y - a scroll of fear {unknown}
 z - a scroll of immolation {unknown}
Potions
 b - a potion of invisibility
 x - a potion of lignification


   Skills:
 + Level 2.9 Fighting
 + Level 2.9 Short Blades
 + Level 2.9 Long Blades
 + Level 2.9 Axes
 + Level 2.9 Maces & Flails
 + Level 2.9 Polearms
 + Level 2.9 Staves
 + Level 2.9 Slings
 + Level 2.9 Bows
 + Level 2.9 Crossbows
 + Level 2.9 Throwing
 + Level 2.9 Armour
 + Level 5.5 Dodging
 + Level 5.1 Stealth
 + Level 2.9 Shields
 + Level 2.9 Unarmed Combat
 + Level 5.8 Spellcasting
 + Level 2.3 Conjurations
 + Level 2.3 Hexes
 + Level 2.3 Summonings
 + Level 2.3 Necromancy
 + Level 2.3 Translocations
 + Level 2.3 Transmutations
 + Level 2.3 Fire Magic
 + Level 7.5 Ice Magic
 + Level 2.3 Air Magic
 + Level 2.3 Earth Magic
 + Level 2.3 Poison Magic
 + Level 3.2 Invocations
 + Level 2.9 Evocations


You had 11 spell levels left.
You knew the following spells:

 Your Spells              Type           Power      Damage    Failure   Level
a - Freeze                Ice            100%       1d11      1%          1
b - Frozen Ramparts       Ice            86%        1d10      2%          3
c - Ozocubu's Armour      Ice            43%        N/A       2%          3

Your spell library contained the following spells:

 Spells                   Type           Power      Damage    Failure   Level
 Hailstorm                Conj/Ice       30%        3d8       24%         4
 Metabolic Englaciation   Hex/Ice        15%        N/A       56%         5


Dungeon Overview and Level Annotations

Branches:
Dungeon (5/15)
 Temple: D:4-7

Altars:
Ashenzari
Fedhas
Nemelex Xobeh
Yredelemnul

Shops:
D:3 *   D:4 =


Innate Abilities, Weirdness & Mutations

You have very sharp teeth.
Your uncanny sense of smell can sniff out nearby items.
Your experience applies equally to all skills.


Message History

You feel perceptive.
You feel strong-willed.
The white imp resists.
The wall freezes the white imp.
The wall freezes the orc wizard.
The orc wizard gestures at you while chanting.
The magic dart hits you!
* * * LOW HITPOINT WARNING * * *
Reach: k) +0 halberd
Press: ? - help, Dir - move target, f - ice beast
Aim: an ice beast (almost dead, about 50% to evade your +0 halberd)
You reach to attack!
You barely miss the ice beast.
The ice beast is almost dead.
The white imp completely resists.
The wall freezes the white imp but does no damage.
The white imp lashes its tail.
The wall freezes the orc wizard.
The white imp resists.
The wall freezes the white imp.
The white imp hits you but does no damage.
Reach: k) +0 halberd
Press: ? - help, Dir - move target, f/p - ice beast
Aim: an ice beast (almost dead, about 50% to evade your +0 halberd)
You reach to attack!
You closely miss the ice beast.
The ice beast is almost dead.
The wall freezes the orc wizard.
The orc wizard hits you but does no damage.
The wall freezes the orc.
The white imp resists.
The wall freezes the white imp.
The white imp closely misses you.
An orc priest comes into view. It is wielding a +2 vampiric war axe.
The wall freezes the orc wizard.
The orc wizard gestures at you while chanting.
The magic dart hits you.
* * * LOW HITPOINT WARNING * * *
Reach: k) +0 halberd
Press: ? - help, Dir - move target, f/p - ice beast
Aim: an ice beast (almost dead, about 50% to evade your +0 halberd)
You reach to attack!
You slash the ice beast!
You kill the ice beast!
The white imp resists.
The wall freezes the white imp.
The white imp hits you but does no damage.
The orc priest mumbles some strange prayers to Beogh against you.
Beogh smites you!
You die...

###..# ##...#..##
.#..#####...#....##
.#................##
)..................#
#†....P.P.......##
#......_........(## ##..
#.....P.P.#...)..(#.....
......5....o)))oo5((....
#........##.####@##....∆
#.#.....##...# ### ...
#.#..<.####o## ..##..##
#.# .. #... # #.##


You could see an orc priest, an orc wizard, a white imp and an orc.

Vanquished Creatures
  Sigmund (D:4)
  An ice beast (D:5)
  An ogre (D:5)
  2 scorpions
  A water moccasin skeleton (D:4)
  A hound (D:4)
  A centaur skeleton (D:4)
  Crazy Yiuf (D:3)
  2 iguanas (D:4)
  Jessica (D:3)
  Natasha (thrice) (D:4)
  An orc wizard (D:5)
  Robin (D:3)
  8 adders
  4 gnolls (D:2)
  4 ufetubi
  An adder zombie (D:3)
  3 dart slugs
  5 orcs
  3 ball pythons
  4 bats
  9 endoplasms
  3 giant cockroaches
  17 goblins
  9 hobgoblins
  2 jackals (D:2)
  A quokka (D:1)
  A ball python zombie (D:3)
  3 frilled lizards
  10 kobolds
  2 rats
106 creatures vanquished.

Notes
Turn   | Place    | Note
-------+----------+-------------------------------------------
     0 | D:1      | Bapho the Gnoll Ice Elementalist began the quest for the
                  | Orb.
     0 | D:1      | Reached XP level 1. HP: 13/13 MP: 6/6
   139 | D:1      | Reached XP level 2. HP: 15/19 MP: 4/7
  1019 | D:1      | Found a faded altar of an unknown god.
  1027 | D:1      | Reached XP level 3. HP: 25/25 MP: 7/9
  1031 | D:1      | Learned a level 3 spell: Frozen Ramparts
  1035 | D:1      | Learned a level 3 spell: Ozocubu's Armour
  1100 | D:1      | Reached skill level 5 in Spellcasting
  1613 | D:2      | Reached skill level 1 in Invocations
  1908 | D:2      | Reached skill level 1 in Fighting
  1908 | D:2      | Reached skill level 1 in Short Blades
  1908 | D:2      | Reached skill level 1 in Long Blades
  1908 | D:2      | Reached skill level 1 in Axes
  1908 | D:2      | Reached skill level 1 in Maces & Flails
  1908 | D:2      | Reached skill level 1 in Polearms
  1908 | D:2      | Reached skill level 1 in Staves
  1908 | D:2      | Reached skill level 1 in Slings
  1908 | D:2      | Reached skill level 1 in Bows
  1908 | D:2      | Reached skill level 1 in Crossbows
  1908 | D:2      | Reached skill level 1 in Throwing
  1908 | D:2      | Reached skill level 1 in Armour
  1908 | D:2      | Reached skill level 1 in Shields
  1908 | D:2      | Reached skill level 1 in Unarmed Combat
  1908 | D:2      | Reached skill level 1 in Evocations
  1908 | D:2      | Reached XP level 4. HP: 32/32 MP: 6/11
  2221 | D:2      | Found a sparkling altar of Nemelex Xobeh.
  2483 | D:2      | Reached skill level 1 in Conjurations
  2483 | D:2      | Reached skill level 1 in Hexes
  2483 | D:2      | Reached skill level 1 in Summonings
  2483 | D:2      | Reached skill level 1 in Necromancy
  2483 | D:2      | Reached skill level 1 in Translocations
  2483 | D:2      | Reached skill level 1 in Transmutations
  2483 | D:2      | Reached skill level 1 in Fire Magic
  2483 | D:2      | Reached skill level 1 in Air Magic
  2483 | D:2      | Reached skill level 1 in Earth Magic
  2483 | D:2      | Reached skill level 1 in Poison Magic
  2629 | D:3      | Reached XP level 5. HP: 37/37 MP: 8/12
  2823 | D:3      | Noticed Robin
  2832 | D:3      | Killed Robin
  2933 | D:3      | Found Woikoq's Assorted Antiques.
  2941 | D:3      | Bought a scroll of identify for 54 gold pieces
  3156 | D:3      | Found a runed translucent door.
  3157 | D:3      | Noticed Crazy Yiuf
  3165 | D:3      | Killed Crazy Yiuf
  3515 | D:3      | Noticed Jessica
  3538 | D:3      | Killed Jessica
  3561 | D:3      | Found a basalt altar of Yredelemnul.
  3785 | D:4      | Noticed Sigmund
  3795 | D:4      | Killed Sigmund
  3796 | D:4      | Reached skill level 5 in Dodging
  3796 | D:4      | Reached XP level 6. HP: 44/44 MP: 1/14
  3933 | D:4      | Noticed Natasha
  3941 | D:4      | Killed Natasha
  4070 | D:4      | Noticed Natasha
  4076 | D:4      | Killed Natasha
  4124 | D:4      | Reached XP level 7. HP: 41/50 MP: 11/15
  4324 | D:4      | Noticed Natasha
  4330 | D:4      | Killed Natasha
  4459 | D:4      | Found Wengoerph's Jewellery Shop.
  4503 | D:4      | Found a broken altar of Ashenzari.
  4784 | D:4      | Reached skill level 5 in Stealth
  4869 | D:5      | Entered Level 5 of the Dungeon
  4879 | D:5      | Found a blossoming altar of Fedhas.
  4987 | D:5      | Reached XP level 8. HP: 15/57 MP: 5/16
  4998 | D:5      | HP: 3/85 [white imp/puff of frost (11)]
  5016 | D:5      | Killed from afar by an orc priest

Illustrated notes

Levels and vault maps discovered:
D:1:      shiori_shiawase, layout_basic, hellmonk_ecumenical_altar_run_dry
D:2:      layout_loops_ring, basic_altar, serial_park_tiny_pond,
          grunt_decor_fettered
D:3:      layout_loops_ring, lemuel_zombie_altar_yredelemnul, serial_shops,
          nicolae_shop_crystal, uniq_robin, uniq_crazy_yiuf_cottage,
          uniq_jessica
D:4:      layout_loops_cross, cheibrodos_ashenzari_chains,
          kennysheep_small_square, uniq_natasha, uniq_sigmund
D:5:      layout_cave_pools, fedhas_altar_1, lemuel_round_altar,
          ebering_ghost_reflecting_pool, kennysheep_nondescript

Skill      XL: |  1  2  3  4  5  6  7 |
---------------+----------------------+-----
Spellcasting   | 5 |  5.8
Invocations    | 1 2 3 |  3.2
Fighting       | 1 2 |  2.9
Short Blades   | 1 2 |  2.9
Long Blades    | 1 2 |  2.9
Axes           | 1 2 |  2.9
Maces & Flails | 1 2 |  2.9
Polearms       | 1 2 |  2.9
Staves         | 1 2 |  2.9
Slings         | 1 2 |  2.9
Bows           | 1 2 |  2.9
Crossbows      | 1 2 |  2.9
Throwing       | 1 2 |  2.9
Armour         | 1 2 |  2.9
Shields        | 1 2 |  2.9
Unarmed Combat | 1 2 |  2.9
Evocations     | 1 2 |  2.9
Conjurations   | 1 2 |  2.3
Hexes          | 1 2 |  2.3
Summonings     | 1 2 |  2.3
Necromancy     | 1 2 |  2.3
Translocations | 1 2 |  2.3
Transmutations | 1 2 |  2.3
Fire Magic     | 1 2 |  2.3
Air Magic      | 1 2 |  2.3
Earth Magic    | 1 2 |  2.3
Poison Magic   | 1 2 |  2.3
Dodging        | 5 |  5.5
Stealth        | 5 |  5.1
Ice Magic      | |  7.5

Action                   |  1- 3 |  4- 6 |  7- 9 || total
-------------------------+-------+-------+-------++-------
Melee: Unarmed           |     1 |       |       ||     1
       Whip              |     1 |       |       ||     1
       Halberd           |     4 |    69 |    61 ||   134
       War axe           |     2 |       |       ||     2
       Bite              |       |     1 |     3 ||     4
Throw: Stone             |    77 |    95 |    31 ||   203
 Cast: Freeze            |    37 |     2 |     6 ||    45
       Frozen Ramparts   |     4 |    19 |    11 ||    34
       Ozocubu's Armour  |     1 |     1 |     1 ||     3
Evoke: Wand              |       |       |     3 ||     3
  Use: Scroll            |       |     3 |     2 ||     5
       Potion            |       |       |     4 ||     4
 Stab: Sleeping          |       |     3 |       ||     3
Armor: Robe              |     3 |     1 |       ||     4
       Ring mail         |       |    13 |    11 ||    24
       Leather armour    |       |       |    22 ||    22
       Skin              |       |       |    41 ||    41
Dodge: Dodged            |    22 |    30 |    66 ||   118

Table legend: (Time is in decaauts)
 A = Elapsed time spent in this place.
 B = Non-inter-level travel time spent in this place.
 C = Inter-level travel time spent in this place.
 D = Time resting spent in this place.
 E = Time spent auto-exploring this place.
 F = Levels seen in this place.
 G = Mean time per level.
                   A        B        C        D        E       F      G
               +--------+--------+--------+--------+--------+-----+--------+
         Total |   5086 |   5011 |     75 |    193 |   4017 |   5 | 1017.2 |
       Dungeon |   5086 |   5011 |     75 |    193 |   4017 |   5 | 1017.2 |
               +--------+--------+--------+--------+--------+-----+--------+

Top non-repeatable levels by time:
     D:1: 1385 daAuts
     D:2: 1222 daAuts
     D:3: 1174 daAuts
     D:4: 1147 daAuts
     D:5: 156 daAuts
